 Dungeon Crawl Stone Soup version 0.27.1-2-g3b301248ec (webtiles) character file.

Game seed: 10194557937254797009

28 Descartes the Grasshopper (level 2, -2/16 HPs)
             Began as a Deep Elf Warper on Sept 28, 2021.
             Slain by Sigmund (5 damage)
             ... on level 2 of the Dungeon.
             The game lasted 00:02:47 (1925 turns).

Descartes the Grasshopper (Deep Elf Warper)         Turns: 1925, Time: 00:02:48

Health: -2/16      AC:  4    Str:  8    XL:     2   Next: 96%
Magic:  17/17      EV: 12    Int: 17    God:
Gold:   80         SH:  0    Dex: 14    Spells: 5/7 levels left

rFire    . . .     SeeInvis .   n - +3 dagger (freeze)
rCold    . . .     Faith    .   (no shield)
rNeg     . . .     Spirit   .   b - +0 leather armour
rPois    .         Reflect  .   (no helmet)
rElec    .         Harm     .   (no cloak)
rCorr    .         Rampage  .   i - +0 pair of gloves
Will     +....                  (no boots)
Stlth    ++........             (no amulet)
HPRegen  0.05/turn              f - ring of willpower
MPRegen  0.15/turn              a - ring of magical power

@: no status effects
A: no striking features
a: no special abilities


You were on level 2 of the Dungeon.
You visited 1 branch of the dungeon, and saw 2 of its levels.

You collected 80 gold pieces.

Inventory:

Hand Weapons
 k - a +0 quarterstaff
 n - a +3 dagger of freezing (weapon)
Missiles
 d - 5 boomerangs of dispersal (quivered)
 e - 19 stones
 l - 6 datura-tipped darts
Armour
 b - a +0 leather armour (worn)
 i - a +0 pair of gloves (worn)
Jewellery
 a - a ring of magical power (right hand)
 f - a ring of willpower (left hand)
Wands
 j - a wand of iceblast (6)
Scrolls
 c - a scroll of blinking
 h - a scroll of fog {unknown}
 m - a scroll of enchant weapon {unknown}
Potions
 g - a potion of curing {unknown}


   Skills:
 - Level 1.5 Fighting
 - Level 2.0 Short Blades
 - Level 1.0 Throwing
 - Level 0.7 Armour
 + Level 3.2 Dodging
 + Level 2.6 Stealth
 - Level 3.0 Spellcasting
 + Level 3.3 Translocations


You had 5 spell levels left.
You knew the following spells:

 Your Spells              Type           Power      Damage    Failure   Level
a - Blink                 Tloc           N/A        N/A       10%         2

Your spell library contained the following spells:

 Spells                   Type           Power      Damage    Failure   Level
 Gell's Gravitas          Tloc           6%         N/A       19%         3
 Lesser Beckoning         Tloc           6%         N/A       19%         3
 Teleport Other           Tloc           13%        N/A       19%         3
 Manifold Assault         Tloc           13%        N/A       86%         5


Dungeon Overview and Level Annotations

Branches:
Dungeon (2/15)

Altars:

Annotations:
D:2 Sigmund


Message History

You can't go up here!
There is a stone staircase leading up here.
You climb upwards.
There is a stone staircase leading down here.
HP restored.
Done exploring.
There is a stone staircase leading down here.
You climb downwards.
Level annotation: Sigmund
There is a stone staircase leading up here.
An endoplasm is nearby!
You see here 14 bolts.
The endoplasm freezes you.
You are frozen.
You hit the endoplasm. You freeze the endoplasm.
The endoplasm is almost dead.
You hit the endoplasm but do no damage.
The endoplasm is almost dead.
The endoplasm freezes you.
You are frozen.
You hit the endoplasm. You freeze the endoplasm.
You kill the endoplasm!
No target in view!
You open the large door.
Found 5 gold pieces.
Sigmund points at you and mumbles some strange words.
The magic dart hits you!
Ouch! That really hurt!
* * * LOW HITPOINT WARNING * * *
There is a large open door here.
There is a large open door here.
As you close the large door, it creaks loudly!
Sigmund is nearby!
Aiming: Iceblast
Press: ? - help, Shift-Dir - straight line, f - Sigmund
Aim: Sigmund, wielding a +0 scythe and wearing a +2 robe of fire resistance The mass of ice explodes!
The iceblast engulfs Sigmund!
Sigmund is moderately wounded.
Sigmund hits you from afar with a +0 scythe.
You die...

##############
#............#
#..........#.#
##########.#.#
#.#.# ###### #.#.#
...########+#...@#
#.#.#
...##.........##.#
#.#.#
...##..........@.#
#.#.#
...##.........####
#.#.#
....#........$#
#.#.#
....#.........#
#.#.#
....#######+#.#
##.#.## ....#
#####+#.# #.....#
.#### #.......#
#####..####


You could see Sigmund.

Vanquished Creatures
  3 ball pythons
  3 bats (D:1)
  3 endoplasms
  4 giant cockroaches
  4 hobgoblins (D:1)
  A frilled lizard (D:1)
  2 goblins (D:2)
  5 rats
25 creatures vanquished.

Notes
Turn   | Place    | Note
-------+----------+-------------------------------------------
     0 | D:1      | Descartes the Deep Elf Warper began the quest for the Orb.
     0 | D:1      | Reached XP level 1. HP: 12/12 MP: 6/6
   162 | D:1      | Reached skill level 1 in Stealth
   601 | D:1      | Reached XP level 2. HP: 14/16 MP: 8/8
  1373 | D:2      | Learned a level 2 spell: Blink
  1534 | D:2      | Noticed Sigmund
  1925 | D:2      | Slain by Sigmund

Illustrated notes

Levels and vault maps discovered:
D:1:      sevenhm_arrival_forest_fort_small_4, layout_basic, minmay_heptomino_l4
D:2:      layout_basic, uniq_sigmund

Skill      XL: |  1  2 |
---------------+-------+-----
Stealth        | 1 2 |  2.6
Dodging        | 3 |  3.2
Fighting       | |  1.5
Short Blades   | |  2.0
Throwing       | |  1.0
Armour         | |  0.7
Spellcasting   | |  3.0
Translocations | |  3.3

Action                   || total
-------------------------++-------
Melee: Short sword       ||    83
       Dagger            ||    16
Evoke: Wand              ||     1
 Stab: Sleeping          ||     3
Armor: Leather armour    ||    31
Dodge: Dodged            ||    57
